[Event "XII Cracow ICC-A 2024"]
[Site "Krakow"]
[Date "2024.06.24"]
[Round "4.1"]
[White "Fier, Alexandr"]
[Black "Gumularz, Szymon"]
[Result "0-1"]
[ECO "D15"]
[WhiteElo "2602"]
[BlackElo "2593"]
[Annotator "TA"]
[PlyCount "78"]
[EventDate "2024.06.20"]
[EventType "swiss"]
[EventCountry "POL"]
[SourceTitle "playchess.com"]
[Source "ChessBase"]
[SourceQuality "1"]
[TimeControl "40/5400+30:1800+30"]

1. d4 d5 2. c4 c6 3. Nf3 Nf6 4. Nc3 dxc4 5. e4 b5 6. Be2 {[%emt 0:00:05] D15: Slav Defence: 4 Nc3 a6 and gambit lines after 4 Nc3 dxc4.} e6 7. O-O Bb7 8. Rb1 {[%emt 0:00:12] is now more promising than 8.b3.} Qc8 $146 (8... Nbd7 $15) ({Predecessor:} 8... Qc7 9. a3 a5 10. a4 b4 11. e5 Nfd7 12. Ne4 c5 13. Ned2 cxd4 14. Nxc4 Nc6 {1-0 Aravindh,C (2671)-Srihari,L (2491) Dubai Police op-A 2024 (2)}) 9. Qc2 Nbd7 10. a3 (10. Re1 $11) 10... a6 $15 11. Rd1 h6 12. Bf4 Be7 13. b3 cxb3 (13... Bxa3 14. bxc4 O-O 15. c5 $16) 14. Rxb3 ({White should try} 14. Qxb3 $15 O-O 15. a4) 14... c5 $1 $17 15. d5 c4 16. Rbb1 O-O $1 (16... Bxa3 $6 17. dxe6 fxe6 18. e5 $14) 17. d6 ({Better is} 17. a4) 17... Bd8 $17 18. a4 {[%emt 0:00:04] [#]} Ba5 $1 19. axb5 $2 (19. e5 $17 Bxc3 20. Qxc3) 19... Bxc3 $19 20. Qxc3 Bxe4 21. Rb4 Nd5 22. Qxc4 Nxb4 ({But not} 22... Qxc4 23. Rxc4 Nxf4 (23... axb5 24. Rxe4 Nc3 25. Rdd4 $14) 24. Rxe4 $17) 23. Qxe4 {[%emt 0:06:23] [#]} Nd5 $1 24. Rc1 Nc3 25. Qe3 Nxe2+ 26. Qxe2 Qb7 27. bxa6 ({Reject} 27. Rc7 Qxb5 28. Qxb5 axb5 $19) 27... Qxa6 28. Qd2 Qa5 29. Qxa5 Rxa5 30. h3 e5 31. Be3 Rd5 32. Rc6 f5 33. g3 Rf6 34. Nh4 g5 35. Nf3 Rfxd6 36. Rc7 Kf7 37. Kg2 Kg6 38. Bc1 e4 39. Ng1 Rc5 0-1

[Event "XII Cracow ICC-A 2024"]
[Site "Krakow"]
[Date "2024.06.24"]
[Round "4.2"]
[White "Vetoshko, Volodymyr"]
[Black "Rozentalis, Eduardas"]
[Result "1/2-1/2"]
[ECO "A18"]
[WhiteElo "2505"]
[BlackElo "2476"]
[Annotator "RC"]
[PlyCount "34"]
[EventDate "2024.06.20"]
[EventType "swiss"]
[EventCountry "POL"]
[SourceTitle "playchess.com"]
[Source "ChessBase"]
[SourceQuality "1"]
[TimeControl "40/5400+30:1800+30"]

1. c4 e6 2. Nc3 Nf6 3. e4 d5 4. cxd5 exd5 5. e5 Ne4 6. Nf3 c6 7. d3 Nxc3 8. bxc3 Be7 9. d4 Bf5 10. Bd3 Bxd3 11. Qxd3 Na6 12. O-O Nc7 13. Rb1 b5 14. Ne1 O-O 15. f4 f5 16. Nc2 g6 17. Ne3 Ne6 1/2-1/2

[Event "XII Cracow ICC-A 2024"]
[Site "Krakow"]
[Date "2024.06.24"]
[Round "4.3"]
[White "Kosakowski, Jakub"]
[Black "Sieciechowicz, Marcin"]
[Result "1/2-1/2"]
[ECO "C07"]
[WhiteElo "2480"]
[BlackElo "2405"]
[Annotator "TA"]
[PlyCount "77"]
[EventDate "2024.06.20"]
[EventType "swiss"]
[EventCountry "POL"]
[SourceTitle "playchess.com"]
[Source "ChessBase"]
[SourceQuality "1"]
[TimeControl "40/5400+30:1800+30"]

1. e4 e6 2. d4 d5 3. Nd2 c5 4. Ngf3 cxd4 5. exd5 Qxd5 6. Bc4 Qd6 7. Ne4 {[%emt 0:00:49][%mdl 1024] Against Nf6. White has compensation.} Qb4+ 8. Nfd2 Nd7 9. O-O Ngf6 {[%emt 0:00:57] [#] aiming for ...Nxe4.} 10. c3 Qb6 ({Better is} 10... dxc3 $15 11. bxc3 Qa5) 11. Re1 (11. Bb3 $11) 11... h6 (11... dxc3 $15 12. Nxc3 Bb4) 12. cxd4 {[%emt 0:06:25] White is more active.} (12. Bb3 $1 $14) 12... Be7 13. Ng3 {[%emt 0:07:03][%cal Od4d5] d5! would now be deadly.} Qxd4 {[%emt 0:12:53] The position is equal.} 14. Qe2 $1 O-O 15. Bxe6 {[%emt 0:11:41] [#] Hoping for Nf5.} Bb4 (15... fxe6 $6 16. Qxe6+ Kh8 (16... Rf7 $2 17. Nf5 $18) 17. Nf3 $16 (17. Qxe7 Re8 $15)) 16. Bb3 Nc5 {[%emt 0:01:24] And now ...Bg4 would win.} 17. Nf3 Qd3 18. Qxd3 Nxd3 19. Rd1 Nxc1 20. Raxc1 Bg4 21. Rc7 Rab8 22. Rd4 Bxf3 $1 ({But not} 22... Ba5 $6 23. Rxf7 Rxf7 24. Ne5 $16 (24. Bxf7+ Kxf7 25. Ne5+ Ke6 $11)) 23. gxf3 Ba5 24. Re7 Bd8 25. Re2 Bb6 26. Rd3 Rfe8 27. Ne4 Nxe4 28. Rxe4 Rxe4 29. fxe4 $11 {[%emt 0:00:04][%mdl 4096] Endgame. KRB-KRB} Rd8 {[%emt 0:00:19] Prevents Rd7.} 30. Bd5 Kf8 31. Kg2 Rc8 32. b4 Rc2 33. Rf3 $1 f6 34. a4 Rb2 35. b5 a6 36. Bxb7 axb5 37. axb5 Rxb5 38. Bd5 Ke7 39. Rb3 {[%emt 0:00:06] Weighted Error Value: White=0.12 (very precise) /Black=0.11 (very precise) .  Mistake:       	White=2     	Black=2      Inaccurate:     	White=2     	Black=2      OK:         	White=11    	Black=16     Strong:       	White=2     	Black=1} 1/2-1/2

[Event "XII Cracow ICC-A 2024"]
[Site "Krakow"]
[Date "2024.06.24"]
[Round "4.4"]
[White "Mirzoev, Azer"]
[Black "Karolczuk, Iwo"]
[Result "1/2-1/2"]
[ECO "D38"]
[WhiteElo "2448"]
[BlackElo "2293"]
[Annotator "TA"]
[PlyCount "83"]
[EventDate "2024.06.20"]
[EventType "swiss"]
[EventCountry "POL"]
[SourceTitle "playchess.com"]
[Source "ChessBase"]
[SourceQuality "1"]
[TimeControl "40/5400+30:1800+30"]

1. d4 Nf6 2. Nf3 d5 3. c4 e6 4. Nc3 Bb4 5. Qa4+ Nc6 6. a3 Bxc3+ 7. bxc3 O-O 8. cxd5 exd5 9. Bg5 h6 10. Bxf6 Qxf6 11. e3 b6 12. Be2 Bb7 13. O-O Rfe8 14. Rfc1 Re7 15. c4 dxc4 16. Qxc4 Na5 17. Qb4 Rd8 18. h3 Bd5 19. Rab1 {[%emt 0:04:24] Against Nb3} Nb7 20. Rd1 c5 21. dxc5 Nxc5 22. Qd4 Qxd4 23. Rxd4 {[%emt 0:00:35] [#] Strongly threatening Rbd1.} Ne6 24. Rd2 {[%emt 0:01:00] Hoping for Rbd1.} Be4 25. Rxd8+ Nxd8 26. Rc1 Ne6 27. Rc8+ Kh7 28. Bc4 Bxf3 29. gxf3 $11 {[%emt 0:00:08][%mdl 4096] Endgame. KRB-KRN} Nc5 30. f4 g6 31. Kg2 Kg7 32. h4 Ne4 33. Bd3 Nc5 34. Bb5 Ne4 35. Rc6 {[%emt 0:00:52] Repels Nd6} Nf6 36. Kf3 Ne4 37. Bd3 Nd2+ {[%emt 0:00:38] The position is equal.} 38. Ke2 Ne4 39. Bc2 Nf6 40. Bb3 Ne4 41. Bc2 Nf6 42. Bb3 {An interesting draw.   Weighted Error Value: White=0.03 (flawless) /Black=0.03 (flawless) .  Inaccurate:     	White=1     	---        OK:         	White=20    	Black=15} 1/2-1/2

[Event "XII Cracow ICC-A 2024"]
[Site "Krakow"]
[Date "2024.06.24"]
[Round "4.5"]
[White "Kelires, Andreas"]
[Black "Keleberda, Tymur"]
[Result "1/2-1/2"]
[ECO "B54"]
[WhiteElo "2515"]
[BlackElo "2223"]
[Annotator "TA"]
[PlyCount "84"]
[EventDate "2024.06.20"]
[EventType "swiss"]
[EventCountry "POL"]
[SourceTitle "playchess.com"]
[Source "ChessBase"]
[SourceQuality "1"]
[TimeControl "40/5400+30:1800+30"]

1. e4 c5 2. Nf3 d6 3. d4 cxd4 4. Nxd4 Nf6 5. Bd3 g6 6. c4 Bg7 7. Nc3 Nc6 8. Nde2 O-O 9. O-O Nd7 10. b3 Nc5 11. Be3 f5 12. exf5 Nxd3 13. Qxd3 Bxf5 14. Qd2 Rf7 15. Nd4 Qa5 16. Rac1 Bd7 17. f3 Raf8 18. Nxc6 bxc6 19. Bd4 Qf5 20. Bxg7 (20. Bxa7 c5 21. Ne2 Qh5 $16) 20... Rxg7 21. Rce1 g5 22. Ne4 h5 23. Rf2 h4 (23... Bc8 $14) 24. h3 $16 Qf4 25. Qa5 Bf5 26. Qxa7 {[%emt 0:04:31] White is more active.} d5 27. cxd5 cxd5 28. Nd2 (28. Nc5 $142) 28... e6 29. Qb6 (29. Qa5 $5) 29... Rb8 30. Qa6 Rc7 31. Nf1 Rc1 32. Rxc1 Qxc1 33. Qd6 Rc8 34. b4 (34. f4 $16) 34... Qb1 (34... Qf4 $14 35. Qxf4 gxf4) 35. f4 g4 (35... gxf4 $16 {was necessary.} 36. Rxf4 (36. Qxf4 Rc4 $18) 36... Rc4 37. Rxc4 dxc4) 36. hxg4 $18 Bxg4 37. Qe7 {[%emt 0:02:32] Strongly threatening Qg5+.} Bf5 {[%emt 0:04:30][%cal Bg4f5,Bf5g6,Bg6d3][%mdl 32] [#]} 38. Qxh4 $2 ({White must play} 38. g4 $1 $18 hxg3 39. Rf3) 38... Rc1 39. Rf3 Kf7 {[%emt 0:01:11] Dodges Qf6+. The position is equal.} 40. Qh5+ Bg6 41. Qe5 {[%emt 0:09:36][%cal Of4f5] f5! would now be deadly.} Bd3 42. Kh2 Rxf1 {[%emt 0:00:33] Weighted Error Value: White=0.11 (very precise) /Black=0.13 (very precise) .  Missed win:     	White=1     	---        Mistake:       	White=2     	Black=3      Inaccurate:     	White=1     	---        OK:         	White=16    	Black=13     Best:        	White=2     	Black=1} 1/2-1/2

[Event "XII Cracow ICC-A 2024"]
[Site "Krakow"]
[Date "2024.06.24"]
[Round "4.6"]
[White "Suder, Jakub"]
[Black "Moussard, Jules"]
[Result "0-1"]
[ECO "C07"]
[WhiteElo "2328"]
[BlackElo "2610"]
[Annotator "TA"]
[PlyCount "108"]
[EventDate "2024.06.20"]
[EventType "swiss"]
[EventCountry "POL"]
[SourceTitle "playchess.com"]
[Source "ChessBase"]
[SourceQuality "1"]
[TimeControl "40/5400+30:1800+30"]

1. e4 e6 2. d4 d5 3. Nd2 c5 4. exd5 Qxd5 5. Ngf3 cxd4 6. Bc4 Qd6 7. O-O Nf6 8. Nb3 Nc6 9. Nbxd4 Nxd4 10. Qxd4 Qxd4 11. Nxd4 Bd7 12. Bf4 Rc8 13. Bb3 Bc5 14. Rad1 O-O 15. Rfe1 Rfd8 {[%emt 0:01:27] C07: French Tarrasch: 3...c5, 4 Ngf3 and 4 exd5 Qxd5.} 16. c3 b5 17. h3 h6 18. Be3 $146 ({Predecessor:} 18. Nc2 a5 19. a3 a4 20. Ba2 Bc6 21. Be3 Rxd1 22. Rxd1 Be4 23. Bb1 Bxc2 24. Bxc2 Bxe3 25. fxe3 Nd5 26. Kf2 Nb6 27. Bd3 Rd8 28. Bh7+ {1-0 Burnoiu,N (2434)-Malakhatko,V (2612) Bucharest Romgaz op 2nd 2008 (7)}) 18... Kf8 19. Nc2 a5 {[%emt 0:04:20] ...a4 would now be deadly.} 20. Bxc5+ Rxc5 21. a3 Ke7 (21... a4 $5 22. Ba2 $8 Ke7 $11) 22. Rd4 Bc6 (22... a4 $5 23. Ba2 $8 Bc8 $11) 23. Rxd8 Kxd8 24. Nd4 {[%emt 0:01:50][%cal Ob3e6] aiming for Bxe6!} Bd7 25. Nf3 Ke7 26. Ne5 Be8 27. Ba2 Kd6 28. Nd3 Rc7 29. Rd1 Ke7 30. Ne5 Ne4 31. Bb1 Nd6 32. Re1 f6 33. Nd3 g5 {[%emt 0:00:32] Repels Nf4} 34. Bc2 Bg6 35. Re2 Nc4 36. Nf4 gxf4 (36... Nxb2 $2 {is the wrong capture.} 37. Nd5+ (37. Nxg6+ Kf7 $16) (37. Bxg6 gxf4 38. Rxb2 Rxc3 $18) (37. Rxe6+ Kd7 $11) 37... Kd7 38. Nxc7 (38. Bxg6 exd5 39. Rxb2 Rc5 $18) 38... Bxc2 39. Nxb5 $18 (39. Rxc2 Nc4 $18)) 37. Bxg6 Rd7 {[%emt 0:00:15] Prevents Bd3.} 38. Bc2 a4 39. Kh2 (39. Bf5 $17 {was necessary.} Rd6 40. Kh2) 39... e5 $19 ({But not} 39... Nxb2 40. Bf5 Rd5 41. Be4 $15) 40. Be4 Kd6 {[%emt 0:01:03] Inhibits Bc6. ...Kc5 is the strong threat.} 41. g3 $2 (41. Bf5 $17 Re7 42. h4) 41... Kc5 $19 42. gxf4 exf4 (42... Rd2 $142 43. Rxd2 Nxd2) 43. Bf3 $19 Rd3 $1 44. Bh5 (44. Bg4 {was worth a try.}) 44... f3 45. Re6 Rd6 46. Re8 Nxb2 {[%emt 0:00:00] And now ...Nc4 would win.} 47. Bxf3 $2 (47. Rc8+ $17 {might work better.} Kb6 48. Rb8+ Ka5 49. Bf7) 47... Nc4 $1 $19 48. Rc8+ Kb6 49. Rb8+ {[%emt 0:00:00] [#]} Ka5 $1 50. Ra8+ $2 {[%emt 0:00:00] [#]} (50. Be4) 50... Ra6 $1 $19 {[%emt 0:00:00][%cal Oa6a8] Hoping for ...Rxa8!} 51. Rh8 Nxa3 52. Rxh6 (52. Be4 $142 Nc4 53. Bb1) 52... Nb1 $19 53. c4 bxc4 {[%emt 0:00:00] Threatens to win with ...a3.} 54. Be2 Nd2 0-1

[Event "XII Cracow ICC-A 2024"]
[Site "Krakow"]
[Date "2024.06.24"]
[Round "4.7"]
[White "Czernek, Tymon"]
[Black "Samunenkov, Ihor"]
[Result "0-1"]
[ECO "B15"]
[WhiteElo "2316"]
[BlackElo "2532"]
[Annotator "TA"]
[PlyCount "70"]
[EventDate "2024.06.20"]
[EventType "swiss"]
[EventCountry "POL"]
[SourceTitle "playchess.com"]
[Source "ChessBase"]
[SourceQuality "1"]
[TimeControl "40/5400+30:1800+30"]

1. e4 c6 2. d4 d5 3. Nc3 dxe4 4. Nxe4 Nf6 5. Nxf6+ exf6 6. c3 Bd6 7. Bd3 O-O 8. Qc2 c5 9. Ne2 g6 ({Black should try} 9... cxd4 $14 10. Nxd4 (10. Bxh7+ Kh8 $15) 10... g6) 10. Be3 (10. Bh6 $16) 10... Qc7 $11 {[%emt 0:00:16] The position is equal.} 11. dxc5 Bxc5 12. Bxc5 Qxc5 13. O-O Nc6 14. Be4 f5 15. Bxc6 bxc6 16. Rfe1 Bb7 17. Nd4 Qb6 18. Rad1 Rfe8 19. Qd2 Rxe1+ 20. Rxe1 c5 21. Nb3 a5 22. Re5 (22. Qd7 $11) 22... Rd8 $17 23. Qe1 {[%emt 0:00:06] [#]} (23. Qe2 $17 Be4 24. h4 (24. Nxc5 $2 {perishes.} Qxb2 25. Qe1 Qc2 $19) (24. Rxc5 $2 a4 $19)) 23... Be4 $1 $19 {[%emt 0:06:01] Threatens to win with ...Qd6.} 24. Nxc5 (24. Rxc5 $2 {too greedy.} a4 25. Rc4 axb3 $19) (24. f3 {keeps fighting.} Qd6 25. Rxc5) 24... f6 25. Rxe4 ({Of course not} 25. Na4 Qc6 26. Rxa5 Bc2 $19 (26... Bxg2 $2 27. Rc5 $19)) 25... fxe4 {[%emt 0:00:15][%mdl 4096] Endgame. KQR-KQN} 26. Nb3 (26. Na4 Qd6 27. h4) 26... a4 27. Nd4 Qxb2 28. g3 Re8 29. Qd1 e3 30. fxe3 Qxa2 {[%emt 0:00:31][%cal Oe8b8] [#] Hoping for ...Rb8!} 31. Nb5 Qe6 32. Qxa4 Qxe3+ {[%emt 0:00:08] Black mates.} 33. Kg2 Qe2+ 34. Kh3 Qh5+ 35. Kg2 Re2+ {[%emt 0:00:07] Weighted Error Value: White=0.81/Black=0.06 (flawless) .  Mistake:       	White=5     	Black=1      OK:         	White=7     	Black=7      Best:        	---       	Black=2      Strong:       	---       	Black=1} 0-1

[Event "XII Cracow ICC-A 2024"]
[Site "Krakow"]
[Date "2024.06.24"]
[Round "4.8"]
[White "Zwardon, Vojtech"]
[Black "Nurgaliyev, Sauat"]
[Result "0-1"]
[ECO "A36"]
[WhiteElo "2458"]
[BlackElo "2321"]
[Annotator "TA"]
[PlyCount "76"]
[EventDate "2024.06.20"]
[EventType "swiss"]
[EventCountry "POL"]
[SourceTitle "playchess.com"]
[Source "ChessBase"]
[SourceQuality "1"]
[TimeControl "40/5400+30:1800+30"]

1. c4 c5 2. g3 g6 3. Bg2 Bg7 4. Nc3 Nc6 5. a3 b6 6. Nf3 Bb7 7. O-O d6 8. e3 {[%emt 0:00:46][%cal Be2e3,Be3d4][%mdl 32] The position is equal.} Nf6 9. d4 cxd4 10. exd4 Rc8 11. b4 {[%emt 0:08:08] Prevents Na5.} O-O 12. Bb2 e6 13. Rc1 (13. d5 $5 exd5 14. Nxd5 $17) 13... Ne7 14. Qb3 Nf5 {[%emt 0:02:48] And now ...Bxf3 would win.} 15. Rfd1 Qc7 16. Nb5 Qb8 17. a4 Qa8 18. h3 h5 (18... a6 $5 19. Na3 $8 h5 $11) 19. c5 Bd5 20. Qa3 Bh6 {[%emt 0:07:21] White is on the road to losing.} 21. cxd6 (21. Rb1 $142) 21... Bxc1 $17 22. Bxc1 Rc2 {[%emt 0:04:46] Black is more active.} 23. Nc7 (23. Ne1 $17 Bxg2 24. Nxc2) 23... Qc6 $19 24. Nxd5 Nxd5 ({Less strong is} 24... exd5 25. Bf4 $15) 25. g4 hxg4 ({Don't play} 25... Nxd6 26. Ne5 Qc3 27. Bxd5 exd5 28. Qxc3 Rxc3 29. Bf4) 26. hxg4 Nxd6 {[%emt 0:00:55] Excellent horsemanship.} 27. b5 Qc3 {[%emt 0:02:20] Strongly threatening ...Nc4.} 28. Ne5 Nc4 29. Nxc4 Qxc4 30. Bh6 Rc8 31. Qg3 Qc7 {[%emt 0:01:53] ...Qxg3 is the strong threat.} (31... Qxa4 $2 {loses.} 32. Qe5 f6 33. Qxe6+ Kh7 34. Bxd5 Kxh6 35. Qxf6 $18) 32. Qh4 {[%emt 0:03:24] Bxd5 would now be deadly.} Qe7 33. Bg5 {[%emt 0:01:34] [#]} (33. Qxe7 {was worth a try.} Nxe7 34. a5) 33... f6 $1 34. Bh6 (34. Be3) 34... g5 35. Qh1 Rc1 36. Rxc1 Rxc1+ {[%emt 0:00:05] Black mates.} 37. Bf1 Qh7 38. Qh5 {[%emt 0:00:35] [#]} Rxf1+ $1 {[%emt 0:00:41][%mdl 512] Weighted Error Value: White=0.53/Black=0.06 (flawless) .  Mistake:       	White=4     	---        Inaccurate:     	White=2     	Black=1      OK:         	White=10    	Black=13     Best:        	---       	Black=1      Strong:       	---       	Black=1} 0-1

[Event "XII Cracow ICC-A 2024"]
[Site "Krakow"]
[Date "2024.06.24"]
[Round "4.9"]
[White "Vasynda, Oleksandr"]
[Black "Fus, Jakub"]
[Result "1-0"]
[ECO "A47"]
[WhiteElo "2219"]
[BlackElo "2455"]
[Annotator "TA"]
[PlyCount "97"]
[EventDate "2024.06.20"]
[EventType "swiss"]
[EventCountry "POL"]
[SourceTitle "playchess.com"]
[Source "ChessBase"]
[SourceQuality "1"]
[TimeControl "40/5400+30:1800+30"]

1. d4 Nf6 2. Nf3 b6 3. Bf4 Bb7 4. e3 g6 5. c4 Bg7 6. Nc3 O-O 7. Bd3 d6 8. h3 {[%emt 0:00:40] The position is equal.} Nbd7 9. O-O Re8 {[%emt 0:04:02] aiming for ...e5.} 10. Bg5 h6 11. Bh4 e5 {[%emt 0:00:55] Threatens to win with ...e4.} 12. Be4 c6 13. d5 c5 (13... cxd5 $11 14. Bxd5 Bxd5 15. cxd5 Rc8) 14. Bc2 $16 Re7 15. Nd2 {[%emt 0:04:27] White has more active pieces.} a6 16. a4 Qc7 17. Rb1 Ree8 18. Bg3 Nh7 19. e4 h5 (19... Ndf6 $14 {was preferrable.}) 20. Qe2 Bc8 21. Nd1 Qd8 22. Ne3 Ra7 (22... h4 $11 23. Bh2 Ndf6) 23. Nf3 Bh6 24. Ne1 Rb7 25. Nd3 h4 26. Bh2 Ndf6 27. f3 a5 28. Ng4 Bg5 29. Nxf6+ Nxf6 30. Rbe1 Rbe7 31. Qf2 Nh5 32. f4 exf4 33. Nxf4 Nf6 34. Qf3 Kg7 35. b3 Bf5 36. Qc3 $1 Bc8 (36... Bxe4 $11 37. Bxe4 Rxe4) 37. Re2 (37. Ne2 $16) 37... Kh6 {[%emt 0:01:24] [#]} (37... Re5 $1 $11 {remains equal.}) 38. Nxg6 $1 fxg6 (38... Nxe4 $142 39. Rxe4 fxg6) 39. Rxf6 $18 Bxf6 40. Qxf6 Rd7 {[%emt 0:00:39] [#]} 41. Rf2 Qxf6 42. Rxf6 Kg7 {[%emt 0:00:00] [#]} 43. e5 dxe5 44. Rxg6+ Kf8 45. Be4 (45. Rxb6 $18 {has better winning chances. And now Bg6 would win.} e4 46. Bd6+ Kg8 47. Bxc5) 45... Rg7 ({Black should play} 45... Rf7) 46. Rh6 Bxh3 47. d6 (47. Rxb6 $2 {loses.} Bxg2 48. Bxg2 h3 49. Rf6+ Ke7 $19 (49... Kg8 50. Rf2 $17)) (47. Rxh4 Rg4 48. Rxh3 Rxe4 $15) 47... Rg5 $2 (47... Rg8 $16) 48. Rh8+ ({Inferior is} 48. Rxh4 Be6 $11) 48... Rg8 49. Rxg8+ {[%emt 0:00:00] Weighted Error Value: White=0.24 (precise) /Black=0.26 (precise) .  Loses game:     	---       	Black=1      Mistake:       	White=2     	Black=7      Inaccurate:     	White=11    	Black=4      OK:         	White=10    	Black=15     Best:        	White=2     	Black=2      Strong:       	White=2     	---} ({Not} 49. Rxh4 Bd7 $16) 1-0

[Event "XII Cracow ICC-A 2024"]
[Site "Krakow"]
[Date "2024.06.24"]
[Round "4.10"]
[White "Lohia, Sohum"]
[Black "Drozdowski, Kacper"]
[Result "0-1"]
[ECO "C72"]
[WhiteElo "2270"]
[BlackElo "2448"]
[Annotator "TA"]
[PlyCount "118"]
[EventDate "2024.06.20"]
[EventType "swiss"]
[EventCountry "POL"]
[SourceTitle "playchess.com"]
[Source "ChessBase"]
[SourceQuality "1"]
[TimeControl "40/5400+30:1800+30"]

1. e4 e5 2. Nf3 Nc6 3. Bb5 a6 4. Ba4 d6 5. O-O Bd7 6. c3 g6 7. Re1 Bg7 8. h3 Nf6 9. d4 O-O 10. Bc2 {[%emt 0:01:06] White has an edge.} Re8 11. a3 b5 12. Nbd2 Qb8 13. Nf1 a5 14. Bd2 a4 15. Qc1 Na5 16. Bh6 Bh8 17. dxe5 dxe5 18. Qg5 Nc4 19. Ne3 Nxe3 20. Qxe3 Qa7 21. Qxa7 Rxa7 22. Be3 Raa8 23. Rad1 Bc6 24. Nd2 Bg7 25. f3 Bf8 26. Nf1 Nd7 27. Bf2 Kg7 28. Re2 Nc5 29. Red2 Ne6 30. Ne3 Bc5 31. Nd5 {[%emt 0:01:05] Bxc5 would now be deadly.} Bxf2+ 32. Kxf2 Bb7 33. Bd3 c6 (33... Rab8 $14) 34. Ne3 h5 35. h4 Kf8 (35... Red8 $11) 36. g3 (36. Bf1 $16) 36... Ba6 (36... Rad8 $1 $11) 37. Bf1 Nc5 38. Bh3 (38. Nc2 $14) 38... Bc8 $11 39. Bxc8 Raxc8 40. Nc2 Ke7 41. Nb4 {[%emt 0:30:35] And now Rd6 would win.} Rc7 42. Rd6 ({White should play} 42. Rc2 $14) 42... Rec8 43. Nc2 Rd7 44. Rxd7+ Nxd7 {[%emt 0:00:00][%mdl 4096] Endgame. KRN-KRN} 45. Ne3 Nc5 46. Nc2 Ke6 47. Nb4 Nb7 48. Nc2 Nd6 49. Ne3 Rf8 50. Re1 f5 51. exf5+ gxf5 52. Ng2 {[%emt 0:00:00] [#]} Kd5 $1 53. Ne3+ Kc5 54. f4 {[%emt 0:00:43] Now White is beyond hope.} (54. Re2 $17) 54... exf4 $19 55. gxf4 {[%emt 0:00:12] [#]} Nc4 $1 56. Nxc4 (56. Rg1) 56... Kxc4 {[%emt 0:00:00] Black is clearly winning.} 57. Re6 Rc8 58. Re2 Kb3 59. Rd2 Re8 {[%emt 0:00:00] Weighted Error Value: White=0.23 (precise) /Black=0.09 (flawless) .  Mistake:       	White=5     	Black=3      Inaccurate:     	White=7     	---        OK:         	White=19    	Black=20     Best:        	---       	Black=3      Strong:       	---       	Black=1} 0-1

[Event "XII Cracow ICC-A 2024"]
[Site "Krakow"]
[Date "2024.06.24"]
[Round "4.11"]
[White "Licznerski, Lukasz"]
[Black "Petrovic, Aleksa"]
[Result "0-1"]
[ECO "C79"]
[WhiteElo "2434"]
[BlackElo "2303"]
[Annotator "TA"]
[PlyCount "73"]
[EventDate "2024.06.20"]
[EventType "swiss"]
[EventCountry "POL"]
[SourceTitle "playchess.com"]
[Source "ChessBase"]
[SourceQuality "1"]
[TimeControl "40/5400+30:1800+30"]

1. e4 e5 2. Nf3 Nc6 3. Bb5 a6 4. Ba4 Nf6 5. O-O d6 6. Re1 Bd7 7. c3 g6 8. d4 Bg7 9. d5 Ne7 10. Bxd7+ Nxd7 11. c4 {[%emt 0:00:04] White is slightly better.} h6 12. Nc3 f5 13. b4 a5 14. Ba3 O-O 15. bxa5 Rxa5 16. Bb4 Ra6 17. a4 b6 18. a5 bxa5 19. Bxa5 (19. Rxa5 {simplifies} Qa8 20. Qa1 Rxa5 21. Bxa5 fxe4 22. Nxe4 Nf6 23. Nfd2) 19... Nc5 20. Nb5 $2 {[%emt 0:07:51] [#]} (20. Nd2 $11) 20... Rxa5 $1 $19 21. Rxa5 fxe4 (21... Nxe4 $2 22. Ra7 $18) 22. Ng5 c6 23. Ra7 {[%emt 0:00:27] Hoping for dxc6.} cxb5 ({Worse is} 23... hxg5 24. dxc6 d5 25. c7 $11 (25. cxd5 Qb6 $11)) 24. Ne6 Nxe6 25. dxe6 bxc4 26. Rd7 {[%emt 0:00:08] [#]} Qb6 ({Stronger than} 26... e3 27. fxe3 Qe8 28. Qxd6 $11) 27. Rxe7 Qxf2+ 28. Kh1 {[%emt 0:00:02][%cal Oe7d7] [#]} e3 $1 {[%emt 0:06:05][%cal Oe3e2] And now ...e2! would win.} ({Inferior is} 28... d5 29. Rd7 Kh7 30. e7 $14) 29. h3 Qd2 ({Better is} 29... c3 $19 {...c2 is the strong threat.} 30. Qa1 d5) 30. Qe2 $2 (30. Qb1 $17 e2 31. Rg1) 30... Bf6 31. Rd7 (31. Rc7 {nothing else works.}) 31... Bh4 32. e7 Qxe1+ 33. Qxe1 {[%emt 0:00:02] Black mates.} Bxe1 34. Rd8 {[%emt 0:00:06] [#]} Re8 $3 35. Rxe8+ Kf7 36. Rc8 Kxe7 37. Rxc4 {[%emt 0:00:03] Weighted Error Value: White=0.89/Black=0.18 (very precise) .  Loses game:     	White=3     	---        Mistake:       	White=1     	Black=1      Inaccurate:     	White=2     	Black=1      OK:         	White=9     	Black=9      Best:        	White=3     	Black=3      Strong:       	---       	Black=1      Brilliant:      	---       	Black=1} 0-1